 Dungeon Crawl Stone Soup version 0.29.1-12-g30fa7ad0bf (webtiles) character file.

Game seed: 16950668769271326836

71914 kanttarelli the Bludgeoner (level 15, -17/97 HPs)
             Began as a Gargoyle Chaos Knight on Dec 12, 2022.
             Was a Plaything of Xom.
             Demolished by Donald
             ... wielding a +4 demon trident of draining
              (20 damage)
             ... on level 2 of the Orcish Mines.
             The game lasted 01:15:47 (20743 turns).

kanttarelli the Bludgeoner (Gargoyle Chaos Knight) Turns: 20743, Time: 01:15:48

Health: -17/97     AC: 37    Str: 21 (24) XL:     15   Next: 38%
Magic:  16/16      EV: 11    Int: 20 (21) God:    Xom [...*..]
Gold:   2711       SH: 14    Dex: 15 (16) Spells: 14/14 levels left

rFire   x . .      SeeInvis .   L - +3 morningstar (freeze)
rCold   + + .      Faith    .   B - +1 kite shield {AC+3}
rNeg    + . .      Spirit   .   K - +3 chain mail {rC+}
rPois   ∞          Reflect  .   (no helmet)
rElec   +          Harm     .   q - +2 cloak of the Sixty-Six Shrikes {Int+4}
rCorr   +          Rampage  +   h - +0 pair of gloves
Will    +....                   u - +1 pair of boots
Stlth   ..........              v - amulet "Malam" {Rampage rF- Regen+ rCorr Int+5}
HPRegen 1.06/turn               t - ring of Hoal {rC+ rCorr EV+4 Dex+4}
MPRegen 0.15/turn               C - ring "Quhug" {Dex+3 Slay+4}

@: flying, unable to read, unable to drink
A: sickness immunity, AC +11, big wings, negative energy resistance 1,
electricity resistance, torment resistance 1, petrification resistance,
deterioration 2, high MP 1, shaggy fur 1, wild magic 2, inability to drink after
injury 1, inability to read after injury 1
a: Renounce Religion


You were on level 2 of the Orcish Mines.
You worshipped Xom.
You were a favourite toy of Xom.
You visited 3 branches of the dungeon, and saw 22 of its levels.
You also visited: Ice Cave.

You collected 3420 gold pieces.
You spent 709 gold pieces at shops.

Inventory:

Hand Weapons
 L - a +3 morningstar of freezing (weapon)
Missiles
 g - 3 throwing nets
Armour
 h - a +0 pair of gloves (worn)
 q - the +2 cloak of the Sixty-Six Shrikes (worn) {Int+4}
   (You acquired it on level 9 of the Dungeon)

   Int:       It affects your intelligence (+4).
 u - a +1 pair of boots (worn)
 B - a +1 kite shield of protection (worn)
 K - a +3 chain mail of cold resistance (worn)
Jewellery
 t - the ring of Hoal (left hand) {rC+ rCorr EV+4 Dex+4}
   (You found it on level 3 of the Dungeon)

   [ring of evasion]

   EV:        It affects your evasion (+4).
   Dex:       It affects your dexterity (+4).
   rC:        It protects you from cold.
   rCorr:     It protects you from acid and corrosion.
 v - the amulet "Malam" (around neck) {Rampage rF- Regen+ rCorr Int+5}
   (You found it in an ice cave)

   [amulet of regeneration]

   Int:       It affects your intelligence (+5).
   rF:        It makes you vulnerable to fire.
   Regen:     It increases your rate of health regeneration.
   rCorr:     It protects you from acid and corrosion.
   Rampage:   It bestows one free step when moving towards enemies.
 C - the ring "Quhug" (right hand) {Dex+3 Slay+4}
   (You acquired it on level 9 of the Dungeon)

   [ring of slaying]

   Dex:       It affects your dexterity (+3).
   Slay:      It affects your accuracy & damage with ranged weapons and melee
   (+4).
 O - a +4 ring of slaying
 R - an amulet of the acrobat
Wands
 b - a wand of acid (8)
 l - a wand of paralysis (13)
 H - a wand of digging (3)
 I - a wand of flame (25)
 P - a wand of iceblast (8)
 Q - a wand of polymorph (4)
Scrolls
 d - 4 scrolls of vulnerability
 i - a scroll of brand weapon
 n - 4 scrolls of teleportation
 o - 4 scrolls of identify
 r - 2 scrolls of blinking
 s - 4 scrolls of amnesia
 x - a scroll of immolation
 y - 3 scrolls of fog
 A - 2 scrolls of torment
 D - a scroll of fear
 F - 2 scrolls of poison
 J - 5 scrolls of silence
 M - 4 scrolls of enchant armour
Potions
 e - a potion of haste
 f - 5 potions of might
 k - 5 potions of curing
 m - 4 potions of attraction
 p - 3 potions of resistance
 w - 5 potions of flight
 z - 3 potions of magic
 E - 5 potions of brilliance
 G - 3 potions of cancellation
 N - a potion of heal wounds
 S - 2 potions of berserk rage
Miscellaneous
 a - a phantom mirror (inert)
 c - a piece from Xom's chessboard (7/15) (quivered)


   Skills:
 + Level 12.5 Fighting
 + Level 16.5 Maces & Flails
 + Level 10.1 Armour
 - Level 0.7 Dodging
 - Level 2.1 Stealth
 + Level 13.3 Shields
 * Level 10.0 Evocations


You had 14 spell levels left.
You didn't know any spells.
Your spell library contained the following spells:

 Spells                   Type           Power      Damage    Failure   Level
 Apportation              Tloc           0%         N/A       98%         1
 Foxfire                  Conj/Fire      0%         2x1d4     98%         1
 Freeze                   Ice            0%         1d3       98%         1
 Magic Dart               Conj           0%         1d3       98%         1
 Necrotise                Necr           0%         1d4       98%         1
 Sandblast                Erth           0%         2d4       98%         1
 Slow                     Hex            0%         N/A       98%         1
 Summon Small Mammal      Summ           0%         N/A       98%         1
 Call Imp                 Summ           0%         N/A       99%         2
 Passwall                 Tmut/Erth      0%         N/A       99%         2
 Confusing Touch          Hex            0%         N/A       100%        3
 Conjure Flame            Conj/Fire      0%         6-21      100%        3
 Dazzling Flash           Conj/Hex       0%         N/A       100%        3
 Frozen Ramparts          Ice            0%         1d1       100%        3
 Gell's Gravitas          Tloc           0%         N/A       100%        3
 Inner Flame              Hex/Fire       0%         N/A       100%        3
 Mephitic Cloud           Conj/Pois/Air  0%         N/A       100%        3
 Portal Projectile        Hex/Tloc       0%         N/A       100%        3
 Stone Arrow              Conj/Erth      0%         3d7       100%        3
 Teleport Other           Tloc           0%         N/A       100%        3
 Tukima's Dance           Hex            0%         N/A       100%        3
 Vampiric Draining        Necr           0%         2d6       100%        3
 Animate Dead             Necr           0%         N/A       100%        4
 Flame Wave               Conj/Fire      0%         2d4       100%        4
 Hailstorm                Conj/Ice       0%         3d3       100%        4
 Iskenderun's Mystic Bla  Conj/Tloc      0%         2d3       100%        4
 Petrify                  Tmut/Erth      0%         N/A       100%        4
 Agony                    Necr           0%         N/A       100%        5
 Borgnjor's Vile Clutch   Necr/Erth      0%         N/A       100%        5
 Fireball                 Conj/Fire      0%         3d3       100%        5
 Irradiate                Conj/Tmut      0%         3d11      100%        5
 Manifold Assault         Tloc           0%         N/A       100%        5
 Yara's Violent Unravell  Hex/Tmut       0%         3d3       100%        5
 Death Channel            Necr           0%         N/A       100%        6
 Dispersal                Tloc           0%         N/A       100%        6
 Starburst                Conj/Fire      0%         6d3       100%        6
 Enfeeble                 Hex            0%         N/A       100%        7
 Sublimation of Blood     Necr           Unusable   N/A       N/A         2

Dungeon Overview and Level Annotations

Branches:
Dungeon (15/15)            Temple (0/1) D:6            Lair (5/5) D:11
 Shoals (0/4) Lair:2       Spider (0/4) Lair:3        Slime (0/5) Lair:4
    Orc (2/2) D:9             Elf (0/3) Orc:2        Vaults (0/5) D:13
 Depths (0/4) D:15          IceCv (visited)

Altars:
Sif Muna
Xom
Zin
Jiyva

Shops:
D:6 *   D:7 ***   D:15 (   Orc:1 :

Annotations:
D:3 1 runed translucent door, ymhsbmbesitwf's ghost, amateur HOFi
D:7 2 transporters, Voland's ghost, novice MfTm
Lair:4 1 transporter
Orc:1 3 runed translucent doors, ChadusMaximus's ghost, journeyman MiFi
Orc:2 Donald


Innate Abilities, Weirdness & Mutations

You are immune to sickness and miasma.
Your stone body is resilient. (AC +11)
You are immune to poison.
Your large and strong wings let you fly.
You resist negative energy. (rN+)
You are resistant to electric shocks. (rElec)
You are resistant to unholy torment.
You are immune to petrification.
Your body often deteriorates upon taking damage.
You have an increased reservoir of magic. (+10% MP)
You are covered in fur. (AC +1)
Your spells are harder to cast, but more powerful.
You occasionally lose the ability to drink potions when taking damage.
You occasionally lose the ability to read scrolls when taking damage.


Message History

Donald is moderately wounded.
Xom briefly touches your surroundings. You block the orc warrior's attack.
Donald closely misses you.
You puncture Donald! You freeze Donald.
Donald is heavily wounded.
Donald completely misses you.
An orc wizard comes into view. It is wielding a +0 dagger.
You block the orc warrior's attack. Donald blocks your attack.
Donald is heavily wounded.
You can drink potions again.
Donald hits you but does no damage.
The orc warrior hits you from afar with a +0 glaive!
* * * LOW HITPOINT WARNING * * *
You block Donald's attack.
You hit Donald. You freeze Donald.
Donald is heavily wounded.
Donald hits you with a +4 demon trident of draining!!
You feel threatened and lose the ability to drink potions!
You die... "That's my teddy bear, go get your own!"
Xom revives you!
The orc priest miscasts a cantrip.
You block the orc warrior's attack.
An ogre comes into view. It is wielding a +0 giant club.
Donald blocks your attack.
Donald is heavily wounded.
Donald says, "I ran into an orc.
He called himself a warlord, and I asked what war?"
Donald hits you with a +4 demon trident of draining!!
* * * LOW HITPOINT WARNING * * *
Unknown command.
You barely miss Donald.
Donald is heavily wounded.
The orc warrior hits you but does no damage.
Donald barely misses you. Donald blocks your attack.
Donald is heavily wounded.
Donald hits you with a +4 demon trident of draining!!
You die...
Xom giggles madly!

...... .......
...#O....
##............
##..o..........
#..............
##hh...........
##@oo...........
##@#.............
#b##.o.#.........
###<>.o##........
#...@.o.$......
##............$
#......o.......
##.............
#...........$.
#.............


You could see Donald (fast, strong, corroded), 2 wargs, an orc warrior, an ogre,
an orc priest and an orc wizard.

Vanquished Creatures
  Jorgrun (Orc:1)
  The ghost of CungeonDrawl the Slayer, a journeyman DjAE of Makhleb (Lair:4)
  An ironbound preserver (D:13)
  Azrael (D:14)
  A white draconian (IceCv)
  Josephine (D:11)
  Fannar (Lair:3)
  2 boulder beetles
  6 hydras
  A rakshasa (D:13)
  3 catoblepae
  7 centaur warriors
  3 two-headed ogres
  4 death yaks (Lair:5)
  A deep troll shaman (Lair:5)
  A necromancer (D:15)
  2 deep elf pyromancers
  A deep elf zephyrmancer (D:15)
  A lindwurm (D:15)
  4 cyclopes
  4 ugly things
  2 orc sorcerers
  A salamander (shapeshifter) (D:13)
  3 manticores
  A moth of wrath (Lair:4)
  3 elephants (Lair:5)
  A merfolk siren (Lair:2)
  4 gargoyles
  2 black mambas
  2 ice statues (IceCv)
  2 naga magi (D:15)
  14 cane toads
  4 rime drakes (IceCv)
  8 komodo dragons
  3 kobold demonologists
  An efreet (D:14)
  A freezing wraith (D:14)
  2 ice devils (Lair:4)
  4 polar bears
  A harpy zombie (D:15)
  A merfolk (Lair:5)
  Prince Ribbit (D:8)
  5 trolls
  A meliai (D:9)
  2 slime creatures
  A hornet (D:7)
  4 dream sheep (Lair:5)
  12 blink frogs
  3 centaur simulacra (D:15)
  A shadow (D:11)
  A yak (shapeshifter) (D:13)
  9 wraiths
  A vampire (D:11)
  5 fire elementals
  24 yaks
  5 wyverns
  6 basilisks
  A steam dragon (D:9)
  3 vampire mosquitoes (D:11)
  2 wargs
  11 water moccasins
  A hell hound (D:14)
  A swamp drake (Orc:2)
  10 orc warriors
  A sky beast (D:8)
  4 ice beasts
  4 black bears
  4 ogres
  5 boggarts (D:15)
  28 wolves
  10 centaurs
  A phantom (D:6)
  8 kobold brigands
  7 bullfrogs
  2 gnoll sergeants
  7 wights
  4 lindwurm simulacra (IceCv)
  11 killer bees
  2 electric eels (Lair:5)
  A howler monkey (D:9)
  4 lava snakes (Lair:5)
  4 komodo dragon simulacra (IceCv)
  6 hounds
  6 jellies
  3 centaur zombies (D:8)
  10 orc priests
  3 gnoll boudas
  3 iguanas
  15 orc wizards
  2 killer bee zombies (D:8)
  2 howler monkey zombies (D:8)
  16 gnolls
  8 acid dragon simulacra (IceCv)
  10 adders
  A shadow imp (D:6)
  4 white imps
  2 ufetubi (D:5)
  5 steam dragon simulacra (IceCv)
  2 worms
  57 orcs
  3 endoplasms
  A giant cockroach (D:4)
  8 goblins
  4 hobgoblins
  3 jackals (D:1)
  38 kobolds
  4 quokkas
  7 ball pythons
  4 bats
  A frilled lizard (D:3)
  A rat (D:1)
553 creatures vanquished.

Vanquished Creatures (collateral kills)
  A cyclops (D:13)
  Maurice (D:8)
  A cane toad (Lair:5)
  An unseen horror zombie (D:8)
  A meliai (shapeshifter) (D:8)
  A troll (D:13)
  2 polar bears (Lair:5)
  2 slime creatures
  2 yaks (Lair:4)
  A wyvern (D:8)
  A hell hound (D:14)
  2 wolves (Lair:5)
  A killer bee zombie (D:8)
  2 orcs (D:5)
  A kobold (D:11)
20 creatures vanquished.

Vanquished Creatures (others)
  3 dancing weapons
  6 bushes (D:13)
  21 fungi
  34 plants
  3 withered plants (D:8)
67 creatures vanquished.

Grand Total: 640 creatures vanquished

Notes
Turn   | Place    | Note
-------+----------+-------------------------------------------
     0 | D:1      | kanttarelli the Gargoyle Chaos Knight began the quest for
                  | the Orb.
     0 | D:1      | Reached XP level 1. HP: 14/14 MP: 1/1
    31 | D:1      | XOM: silly message
   179 | D:1      | Reached XP level 2. HP: 8/19 MP: 2/2
   406 | D:1      | You fall into a shaft and drop 1 floor!
   529 | D:2      | XOM: potion effect (invisibility)
   530 | D:2      | Reached XP level 3. HP: 18/24 MP: 3/3
   569 | D:2      | XOM: silly message
   613 | D:2      | Found a faded altar of an unknown god.
   803 | D:2      | XOM: silly message
   826 | D:2      | XOM: silly message
  1020 | D:1      | Reached XP level 4. HP: 28/29 MP: 4/4
  1520 | D:3      | XOM: silly message
  1542 | D:3      | Noticed an ice beast
  1551 | D:3      | XOM: 8-stop teleportation journey
  1566 | D:3      | Killed an ice beast
  1567 | D:3      | Reached skill level 4 in Maces & Flails
  1567 | D:3      | Reached skill level 1 in Evocations
  1567 | D:3      | Reached XP level 5. HP: 33/33 MP: 5/5
  1951 | D:3      | Identified the ring of Hoal {rC+ rCorr EV+4 Dex+4}
  2220 | D:3      | Found a runed translucent door.
  2221 | D:3      | Noticed ymhsbmbesitwf's ghost (amateur HOFi)
  2287 | D:4      | Noticed a black bear
  2304 | D:4      | Killed a black bear
  2305 | D:4      | Reached skill level 5 in Maces & Flails
  2305 | D:4      | Reached XP level 6. HP: 33/38 MP: 6/6
  2518 | D:4      | XOM: enchant monster (good)
  2529 | D:4      | XOM: butterfly on damage
  2863 | D:4      | XOM: give mutation
  2863 | D:4      | Gained mutation: Your movements are slightly less
                  | encumbered by armour. (ER -2) [Xom's grace]
  2964 | D:4      | XOM: 2-stop teleportation journey
  3079 | D:4      | XOM: smoke on damage
  3158 | D:4      | XOM: god gift: triangular steel amulet {god gift}
  3319 | D:4      | Got the Anthology of the Quantum Arsonist
  3481 | D:4      | Reached skill level 6 in Maces & Flails
  3481 | D:4      | Reached XP level 7. HP: 31/44 MP: 4/7
  4020 | D:5      | Entered Level 5 of the Dungeon
  4260 | D:5      | Found a runed translucent door.
  4277 | D:5      | XOM: fog
  4281 | D:5      | Reached skill level 5 in Fighting
  4435 | D:5      | XOM: 3-stop teleportation journey
  4778 | D:5      | Reached skill level 7 in Maces & Flails
  4814 | D:5      | XOM: divination: magic mapping
  4861 | D:5      | Reached XP level 8. HP: 32/49 MP: 3/8
  5195 | D:5      | XOM: summons friendly white imp
  5224 | D:5      | XOM: cast spell 'Metabolic Englaciation'
  5381 | D:5      | Identified the +4 bardiche "Xezy" {drain, rN+ Int+4}
  5399 | D:5      | XOM: divination: detect items
  5419 | D:5      | Reached skill level 8 in Maces & Flails
  5477 | D:5      | XOM: give mutations
  5477 | D:5      | Gained mutation: Your spells are a little harder to cast,
                  | but a little more powerful. [Xom's grace]
  5477 | D:5      | Gained mutation: You have a pair of small horns on your
                  | head. [Xom's grace]
  5537 | D:5      | XOM: silly message
  5600 | D:5      | XOM: god gift: 30 gold pieces
  5614 | D:5      | XOM: butterfly on damage
  5854 | D:6      | Found a staircase to the Ecumenical Temple.
  5893 | D:6      | XOM: god gift: +1 kite shield of protection
  6236 | D:6      | Found Vaiti's Mayhem Merchandise.
  6331 | D:6      | XOM: god gift: 30 gold pieces
  6470 | D:7      | Noticed a hornet
  6476 | D:7      | XOM: give mutations
  6476 | D:7      | Gained mutation: You have hidden genetic potential. [Xom's
                  | grace]
  6476 | D:7      | Gained mutation: You expend magic power (3 MP) to
                  | strengthen your wands. [Xom's grace]
  6476 | D:7      | Gained mutation: You have a pair of horns on your head.
                  | [Xom's grace]
  6477 | D:7      | Killed a hornet
  6478 | D:7      | Reached skill level 1 in Shields
  6550 | D:7      | Reached skill level 9 in Maces & Flails
  6565 | D:7      | Found Ucvonyxik's Assorted Antiques.
  6574 | D:7      | Bought a scroll labelled DOUGHI LIHIEGE for 27 gold pieces
  6574 | D:7      | Bought a scroll labelled MATWOP LYHI for 27 gold pieces
  6676 | D:7      | XOM: polymorph jelly -> iguana
  6684 | D:7      | XOM: 5-stop teleportation journey
  6845 | D:7      | Found Joicut's General Store.
  6848 | D:7      | Found Ifuaru's Specific Store.
  6900 | D:7      | Reached XP level 9. HP: 48/55 MP: 9/9
  6948 | D:7      | XOM: potion effect (brilliance)
  6957 | D:7      | XOM: 7-stop teleportation journey
  7033 | D:7      | Identified the +3 ring mail of Hysteria {Will+}
  7144 | D:7      | XOM: 1-stop teleportation journey
  7159 | D:7      | Noticed Voland's ghost (novice MfTm)
  7160 | D:7      | Found a transporter.
  7160 | D:7      | Identified the +3 dire flail of Dawn {speed, rPois rN++}
  7167 | D:7      | Found a transporter.
  7607 | D:7      | Bought a scroll of blinking for 82 gold pieces
  7643 | D:8      | Gained mutation: You have a pair of large horns on your
                  | head. [hidden potential]
  7688 | D:8      | XOM: enchant monster (good)
  7690 | D:8      | XOM: cast spell 'Summon Hydra'
  7694 | D:8      | Reached skill level 5 in Armour
  7807 | D:8      | Found a glowing silver altar of Zin.
  7813 | D:8      | XOM: polymorph yak -> basilisk
  7814 | D:8      | XOM: scenery: summon butterflies
  7815 | D:8      | XOM: fog
  7817 | D:8      | XOM: polymorph butterfly -> adder
  7825 | D:8      | Reached skill level 10 in Maces & Flails
  7831 | D:8      | Reached skill level 5 in Shields
  7837 | D:8      | Reached XP level 10. HP: 33/63 MP: 5/10
  7960 | D:8      | XOM: god gift: 743 gold pieces
  8077 | D:7      | Bought a shiny chain mail for 202 gold pieces
  8077 | D:7      | Bought a potion of curing for 81 gold pieces
  8077 | D:7      | Bought a scroll of enchant weapon for 202 gold pieces
  8148 | D:7      | Bought a potion of cancellation for 88 gold pieces
  8334 | D:8      | XOM: confuse monster(s)
  8384 | D:8      | Noticed Maurice
  8388 | D:8      | Killed Maurice
  8390 | D:8      | Gained mutation: You have sharp fingernails. [hidden
                  | potential]
  8390 | D:8      | Lost mutation: You have hidden genetic potential. [hidden
                  | potential expressed]
  8555 | D:8      | Noticed a cyan ugly thing
  8555 | D:8      | Noticed a boulder beetle
  8563 | D:8      | Reached skill level 11 in Maces & Flails
  8563 | D:8      | Noticed Prince Ribbit
  8564 | D:8      | Noticed a gargoyle
  8565 | D:8      | Killed a cyan ugly thing
  8568 | D:8      | Noticed a manticore
  8570 | D:8      | Killed a boulder beetle
  8570 | D:8      | Killed a gargoyle
  8577 | D:8      | Killed Prince Ribbit
  8578 | D:8      | Reached XP level 11. HP: 36/68 MP: 0/11
  8578 | D:8      | Killed a manticore
  8740 | D:8      | XOM: scenery: 1 doors close
  8812 | D:8      | XOM: summons friendly ufetubus
  8872 | D:8      | Noticed a cyclops
  8880 | D:8      | XOM: 1-stop teleportation journey
  8958 | D:8      | XOM: summons friendly ufetubus
  8964 | D:8      | Killed a cyclops
  8965 | D:8      | Reached skill level 12 in Maces & Flails
  9131 | D:9      | Noticed a two-headed ogre
  9299 | D:9      | Identified 2 scrolls of acquirement
  9303 | D:9      | Acquired the ring "Quhug" {Dex+3 Slay+4}
  9306 | D:9      | Acquired the +2 cloak of the Sixty-Six Shrikes {Int+4}
  9361 | D:9      | Noticed a two-headed ogre
  9369 | D:9      | XOM: cast spell 'Summon Small Mammal'
  9373 | D:9      | XOM: noise
  9374 | D:9      | Killed a two-headed ogre
  9398 | D:9      | XOM: potion effect (invisibility)
  9440 | D:9      | XOM: silly message
  9481 | D:9      | Killed a two-headed ogre
  9621 | D:9      | XOM: silly message
  9714 | D:9      | Found a staircase to the Orcish Mines.
  9914 | D:9      | XOM: give mutations
  9914 | D:9      | Gained mutation: Your body sometimes deteriorates upon
                  | taking damage. [Xom's mischief]
  9914 | D:9      | Gained mutation: Your body often deteriorates upon taking
                  | damage. [Xom's mischief]
  9914 | D:9      | Gained mutation: You are dopey. (Int -2) [Xom's mischief]
  9963 | D:10     | Entered Level 10 of the Dungeon
  9968 | D:10     | XOM: 1-stop teleportation journey
 10581 | D:10     | Reached skill level 5 in Evocations
 10765 | D:11     | Noticed a manticore
 10769 | D:11     | XOM: summons friendly crimson imp
 10771 | D:11     | Noticed Josephine
 10775 | D:11     | Killed a manticore
 10775 | D:11     | XOM: summons 4 friendly demons
 10776 | D:11     | Reached XP level 12. HP: 73/76 MP: 12/12
 10809 | D:11     | Killed Josephine
 10810 | D:11     | Reached skill level 13 in Maces & Flails
 10952 | D:11     | XOM: 1-stop teleportation journey
 10996 | D:11     | XOM: confuse monster(s)
 11082 | D:11     | XOM: confuse monster(s)
 11229 | D:11     | XOM: cloud trail
 11253 | D:11     | XOM: divination: detect creatures
 11271 | D:11     | Found a staircase to the Lair.
 11290 | Lair:1   | Entered Level 1 of the Lair of Beasts
 11291 | Lair:1   | Noticed a six-headed hydra
 11292 | Lair:1   | Noticed a catoblepas
 11292 | Lair:1   | a six-headed hydra changed into a catoblepas
 11292 | Lair:1   | XOM: polymorph six-headed hydra -> catoblepas
 11309 | Lair:1   | Killed a catoblepas
 11351 | Lair:1   | XOM: chaos cloud
 11379 | Lair:1   | XOM: silly message
 11407 | Lair:1   | Noticed a four-headed hydra
 11411 | Lair:1   | XOM: confusion
 11412 | Lair:1   | XOM: silly message
 11417 | Lair:1   | Killed a four-headed hydra
 11580 | Lair:1   | Reached skill level 10 in Shields
 11760 | Lair:1   | XOM: 1-stop teleportation journey
 11789 | Lair:1   | XOM: summons 2 hostile demons
 11881 | Lair:1   | XOM: noise
 12206 | Lair:1   | XOM: summons 1 hostile demon
 12254 | Lair:2   | Noticed a five-headed hydra
 12256 | Lair:2   | XOM: swap monsters
 12258 | Lair:2   | Killed a five-headed hydra
 12259 | Lair:2   | Reached skill level 14 in Maces & Flails
 12429 | Lair:2   | Found a staircase to the Shoals.
 12488 | Lair:2   | Reached XP level 13. HP: 82/82 MP: 13/13
 12588 | Lair:2   | XOM: give mutations
 12588 | Lair:2   | Lost mutation: You expend magic power (3 MP) to strengthen
                  | your wands. [Xom's mischief]
 12588 | Lair:2   | Lost mutation: You have a pair of large horns on your head.
                  | [Xom's mischief]
 12588 | Lair:2   | Gained mutation: You are covered in fur. (AC +1) [Xom's
                  | mischief]
 12588 | Lair:2   | Gained mutation: You are weak. (Str -2) [Xom's mischief]
 12680 | Lair:2   | Reached skill level 10 in Fighting
 12828 | Lair:2   | XOM: summons 6 hostile demons
 12851 | Lair:2   | XOM: summons 2 hostile shadow creatures
 13032 | Lair:2   | XOM: silly message
 13160 | Lair:3   | Noticed Fannar
 13187 | Lair:3   | Killed Fannar
 13272 | Lair:3   | Found a hole to the Spider Nest.
 13272 | Lair:3   | XOM: 4-stop teleportation journey
 13366 | Lair:3   | XOM: stat loss: -1 Int (13/14)
 13958 | Lair:3   | XOM: give mutations
 13958 | Lair:3   | Lost mutation: Your spells are a little harder to cast, but
                  | a little more powerful. [Xom's mischief]
 13958 | Lair:3   | Gained mutation: You occasionally shout uncontrollably at
                  | your foes. [Xom's mischief]
 13958 | Lair:3   | Lost mutation: You have sharp fingernails. [Xom's mischief]
 14055 | Lair:4   | Found a frozen archway.
 14061 | Lair:4   | XOM: silly message
 14076 | IceCv    | Entered an ice cave
 14098 | IceCv    | XOM: noise
 14259 | IceCv    | XOM: stat loss: -1 Int (12/14)
 14397 | IceCv    | Identified the +3 short sword "Quucseti" {flame, SInv}
 14524 | IceCv    | XOM: silly message
 14618 | IceCv    | Noticed a white draconian
 14621 | IceCv    | XOM: summons 7 hostile demons
 14633 | IceCv    | XOM: chaos cloud
 14653 | IceCv    | Killed a white draconian
 14695 | IceCv    | Identified the amulet "Malam" {Rampage rF- Regen+ rCorr
                  | Int+5}
 14838 | IceCv    | XOM: give mutations
 14838 | IceCv    | Gained mutation: Your spells are a little harder to cast,
                  | but a little more powerful. [Xom's grace]
 14838 | IceCv    | Gained mutation: You have an increased reservoir of magic.
                  | (+10% MP) [Xom's grace]
 14838 | IceCv    | Gained mutation: Your spells are harder to cast, but more
                  | powerful. [Xom's grace]
 14838 | IceCv    | Gained mutation: You passively dampen the noise of your
                  | surroundings. [Xom's grace]
 15024 | Lair:4   | Found a transporter.
 15058 | Lair:4   | Noticed CungeonDrawl's ghost (journeyman DjAE)
 15071 | Lair:4   | Found a transporter.
 15091 | Lair:4   | XOM: blink monster(s)
 15097 | Lair:4   | Killed CungeonDrawl's ghost
 15098 | Lair:4   | XOM: swap monsters
 15101 | Lair:4   | Reached skill level 15 in Maces & Flails
 15115 | Lair:4   | Found a viscous altar of Jiyva.
 15115 | Lair:4   | Found a staircase to the Slime Pits.
 15115 | Lair:4   | XOM: 1-stop teleportation journey
 15117 | Lair:4   | XOM: summons 5 hostile demons
 15137 | Lair:4   | XOM: blink monster(s)
 15171 | Lair:4   | Identified the +5 ring mail of Agoraphobia {Dex+2}
 15180 | Lair:4   | XOM: give mutations
 15180 | Lair:4   | Lost mutation: Your body often deteriorates upon taking
                  | damage. [Xom's mischief]
 15180 | Lair:4   | Lost mutation: You are dopey. (Int -2) [Xom's mischief]
 15234 | Lair:4   | XOM: silly message
 15432 | Lair:4   | XOM: give mutations
 15432 | Lair:4   | Lost mutation: You have a pair of horns on your head.
                  | [Xom's mischief]
 15432 | Lair:4   | Gained mutation: You are frail. (-10% HP) [Xom's mischief]
 15432 | Lair:4   | Gained mutation: You occasionally lose the ability to drink
                  | potions when taking damage. [Xom's mischief]
 15432 | Lair:4   | Lost mutation: Your movements are slightly less encumbered
                  | by armour. (ER -2) [Xom's mischief]
 15434 | Lair:4   | Lost mutation: You have a pair of small horns on your head.
                  | [potion of mutation]
 15434 | Lair:4   | Lost mutation: You are weak. (Str -2) [potion of mutation]
 15434 | Lair:4   | Gained mutation: You are clumsy. (Dex -2) [potion of
                  | mutation]
 15434 | Lair:4   | Gained mutation: You are partially covered in iridescent
                  | scales. (AC +2) [potion of mutation]
 15487 | Lair:4   | XOM: summons 4 hostile shadow creatures
 15541 | Lair:4   | XOM: draining
 15650 | Lair:4   | XOM: summons 7 hostile demons
 15672 | Lair:5   | Entered Level 5 of the Lair of Beasts
 15676 | Lair:5   | XOM: noise
 15677 | Lair:5   | XOM: smoke on damage
 15680 | Lair:5   | XOM: silly message
 15718 | Lair:5   | XOM: confusion (+ monsters)
 15725 | Lair:5   | XOM: summons 13 friendly demons
 15753 | Lair:5   | Gained mutation: Your large and strong wings let you fly.
                  | [Gargoyle growth]
 15753 | Lair:5   | Reached XP level 14. HP: 68/79 MP: 15/15
 16027 | Lair:5   | XOM: cast spell 'Leda's Liquefaction'
 16154 | Lair:5   | XOM: divination: detect creatures
 16176 | Lair:5   | XOM: enchant monster (bad)
 16181 | Lair:5   | XOM: polymorph elephant -> merfolk
 16184 | Lair:5   | XOM: summons 4 hostile shadow creatures
 16259 | Lair:5   | XOM: summons 5 friendly demons
 16277 | Lair:5   | XOM: confuse monster(s)
 16279 | Lair:5   | XOM: confusion (+ monsters)
 16292 | Lair:5   | Lost mutation: You are clumsy. (Dex -2) [potion of
                  | mutation]
 16292 | Lair:5   | Lost mutation: You passively dampen the noise of your
                  | surroundings. [potion of mutation]
 16292 | Lair:5   | Gained mutation: You are dopey. (Int -2) [potion of
                  | mutation]
 16292 | Lair:5   | Gained mutation: Your body often deteriorates upon taking
                  | damage. [potion of mutation]
 16522 | Lair:5   | XOM: summons 2 friendly demons
 16931 | Lair:5   | XOM: god gift: scale mail {god gift}
 17184 | D:11     | XOM: scenery: 2 doors close
 17463 | D:12     | XOM: summons 8 friendly demons
 17468 | D:12     | XOM: summons friendly quasit
 17532 | D:12     | Reached skill level 16 in Maces & Flails
 17723 | D:13     | Found a gate to the Vaults.
 17723 | D:13     | Noticed an ironbound preserver
 17730 | D:13     | XOM: enchant monster (bad)
 17734 | D:13     | XOM: noise
 17736 | D:13     | Killed an ironbound preserver
 17740 | D:13     | XOM: summons 5 friendly demons
 17744 | D:13     | XOM: god gift: wand of flame (1)
 17748 | D:13     | XOM: scenery: 4 doors close
 17866 | D:13     | Paralysed by a salamander for 5 turns
 17992 | D:13     | XOM: fog
 18203 | D:13     | XOM: 3-stop teleportation journey
 18259 | D:13     | XOM: god gift: wand of acid (8)
 18306 | D:13     | XOM: divination: detect items
 18322 | D:13     | XOM: noise
 18391 | D:14     | XOM: give mutations
 18391 | D:14     | Lost mutation: You occasionally shout uncontrollably at
                  | your foes. [Xom's mischief]
 18391 | D:14     | Lost mutation: You are frail. (-10% HP) [Xom's mischief]
 18893 | D:14     | XOM: give mutation
 18893 | D:14     | Gained mutation: You are robust. (+10% HP) [Xom's grace]
 18907 | D:14     | Noticed Azrael
 19103 | D:14     | Reached XP level 15. HP: 98/105 MP: 16/16
 19152 | D:14     | Killed Azrael
 19322 | D:14     | XOM: draining
 19344 | D:14     | Got the Codex of Guile
 19350 | D:15     | Entered Level 15 of the Dungeon
 19360 | D:15     | XOM: give mutations
 19360 | D:15     | Lost mutation: You are partially covered in iridescent
                  | scales. (AC +2) [Xom's mischief]
 19360 | D:15     | Lost mutation: You are dopey. (Int -2) [Xom's mischief]
 19360 | D:15     | Gained mutation: You occasionally lose the ability to read
                  | scrolls when taking damage. [Xom's mischief]
 19360 | D:15     | Lost mutation: You are robust. (+10% HP) [Xom's mischief]
 19365 | D:15     | Found Seblir's Antique Weapon Emporium.
 19414 | D:15     | XOM: 5-stop teleportation journey
 19532 | D:15     | XOM: cleaving
 19591 | D:15     | XOM: polymorph orc knight -> lindwurm
 19625 | D:15     | XOM: swap monsters
 19631 | D:15     | Reached skill level 10 in Armour
 19692 | D:15     | Found a staircase to the Depths.
 19848 | D:15     | XOM: god gift: great sword {god gift}
 20288 | Orc:1    | Entered Level 1 of the Orcish Mines
 20328 | Orc:1    | Found Qaiqicid's Book Boutique.
 20362 | Orc:1    | XOM: cloud trail
 20365 | Orc:1    | Found a runed translucent gate.
 20365 | Orc:1    | Found a runed translucent gate.
 20366 | Orc:1    | Found a runed translucent gate.
 20366 | Orc:1    | Noticed an orc warlord
 20366 | Orc:1    | Noticed ChadusMaximus's ghost (journeyman MiFi)
 20367 | Orc:1    | Identified the +6 broad axe "Qotzo" {pain, Str+4 Int+2
                  | Dex-4 Stlth+}
 20420 | Orc:1    | XOM: scenery: create altars
 20427 | Orc:1    | Reached skill level 10 in Evocations
 20508 | Orc:1    | Found a shimmering blue altar of Sif Muna.
 20539 | Orc:1    | Noticed Jorgrun
 20559 | Orc:1    | Killed Jorgrun
 20649 | Orc:2    | Entered Level 2 of the Orcish Mines
 20651 | Orc:2    | Found a staircase to the Elven Halls.
 20654 | Orc:2    | XOM: divination: detect items
 20673 | Orc:2    | XOM: polymorph orc wizard -> swamp drake
 20707 | Orc:2    | Noticed Donald
 20726 | Orc:2    | XOM: summons 1 friendly demon
 20731 | Orc:2    | XOM: enchant monster (good)
 20737 | Orc:2    | XOM: scenery: summon butterflies
 20740 | Orc:2    | Xom revived you
 20741 | Orc:2    | HP: 1/97 [Donald/+4 demon trident of draining (23)]
 20743 | Orc:2    | Demolished by Donald

Illustrated notes

Levels and vault maps discovered:
D:1:      scummos_arrival_forest, layout_loops_ring
D:2:      layout_basic, ebering_ecumenical_altar_mist, hex_intersection,
          corexii_item_surrounded_by_moat
D:3:      layout_loops_ring, ebering_ghost_reflecting_pool
D:4:      layout_basic, dreamdust_gnoll_farm
D:5:      layout_basic, reono_crystal_passage, lightli_church_of_beogh
D:6:      layout_cave_pods, temple_doors_e, chequers_mini_garden,
          minmay_shop_mayhem
D:7:      layout_basic, serial_shops, nicolae_stop_n_shop_1,
          gammafunk_ghost_smash, nicolae_specific_store,
          kennysheep_generic_room_11
D:8:      hangedman_cross_veins, layout_loops_ring,
          mainiacjoe_overflow_tiny_flanked, serial_undead, serial_undead_a,
          serial_undead_d, serial_undead_e, serial_undead_f, uniq_maurice,
          uniq_prince_ribbit1
D:9:      layout_rooms, orc_0_dummy, st_stairs_5, minmay_puff
D:10:     layout_long_grid
D:11:     layout_roguey, david_lair_shrubbed, nicolae_two_hexagons,
          minmay_starry_boxes, uniq_josephine
D:12:     layout_gridville
D:13:     wad_pebble_path, layout_long_grid, skrybe_vaults_entry_preservation,
          minmay_hedge_maze
D:14:     layout_cave_pods, uniq_azrael
D:15:     grunt_enter_depths_magical_seal, layout_basic, serial_shops, shop,
          minmay_fractal_squares_5
Lair:1:   layout_concentric_octagons, patterned_corridor, grunt_megastairs_1
Lair:2:   layout_loops_ring, minmay_shoals_entry_lonely_mermaid,
          serial_bayou_shore_b
Lair:3:   layout_roguey, spider_nest_entry_web_field, lemuel_fruit_tree,
          uniq_fannar
Lair:4:   layout_gridlike, minmay_slime_entry_pillars,
          gammafunk_ghost_berserking_beasts, portal_ice_cave_demonic_guard,
          serial_bayou_pond_a, infiniplex_staircase_pool_2
Lair:5:   grunt_lair_end_beastmaster, layout_cave_pods,
          nicolae_lair_liquid_snakes
Orc:1:    layout_diamond_mine, gammafunk_ghost_fury_of_okawaru, serial_shops,
          nicolae_diamond_shop, basic_altar, led_sif_book, uniq_jorgrun
Orc:2:    st_orc_congregation, layout_caves, uniq_donald

Skill      XL: |  1  2  3  4  5  6  7  8  9 10 11 12 13 14 15 |
---------------+----------------------------------------------+-----
Fighting       | 4 5 6 7 8 9 10 12 | 12.5
Maces & Flails | 4 5 6 7 9 10 11 12 14 15 16 | 16.5
Stealth        | 2 |  2.1
Evocations     | 1 2 3 5 6 8 9 10 | 10.0
Armour         | 3 4 5 6 7 8 9 10 | 10.1
Shields        | 2 5 7 9 10 11 12 13 | 13.3
Dodging        | |  0.7

Action                   |  1- 3 |  4- 6 |  7- 9 | 10-12 | 13-15 || total
-------------------------+-------+-------+-------+-------+-------++-------
Melee: Mace              |    91 |    96 |       |       |       ||   187
       Punch             |     1 |     1 |       |       |       ||     2
       Flail             |       |    37 |   327 |   141 |       ||   505
       Headbutt          |       |       |    28 |    97 |    68 ||   193
       Morningstar       |       |       |       |   298 |   793 ||  1091
Evoke: Piece from Xom's  |    12 |    16 |     9 |     5 |    19 ||    61
       Wand              |       |       |     1 |    25 |    37 ||    63
       Phantom mirror    |       |       |       |       |     1 ||     1
  Use: Potion            |       |     1 |     2 |     2 |     9 ||    14
       Scroll            |       |       |     9 |    24 |    18 ||    51
 Stab: Petrified         |     4 |    10 |       |     1 |     5 ||    20
       Invisible         |     1 |       |       |     1 |     5 ||     7
       Paralysed         |       |     4 |       |     2 |     8 ||    14
       Sleeping          |       |       |     4 |       |       ||     4
       Distracted        |       |       |       |     1 |     4 ||     5
       Confused          |       |       |       |     1 |       ||     1
       Petrifying        |       |       |       |       |     1 ||     1
Armor: Leather armour    |    44 |    45 |    43 |       |       ||   132
       Chain mail        |       |       |    47 |   215 |   572 ||   834
       Ring mail         |       |       |    17 |       |       ||    17
Dodge: Dodged            |    50 |    94 |   162 |   127 |   230 ||   663
Block: Kite shield       |       |       |    70 |   236 |   540 ||   846
